 Dungeon Crawl Stone Soup version 0.19.5 (webtiles) character file.

48 uberloutre the Ducker (level 3, -1/17 HPs)
             Began as a Felid Monk on Mar 3, 2017.
             Slain by Crazy Yiuf
             ... wielding a +2 quarterstaff of chaos
              (2 damage)
             ... on level 2 of the Dungeon.
             The game lasted 00:08:27 (1510 turns).

uberloutre the Ducker (Felid Monk)                  Turns: 1510, Time: 00:08:27

Health: -1/17      AC:  1    Str: 10    XL:     3   Next: 50%
Magic:  4/4        EV: 20    Int: 11    God:
Gold:   104        SH:  0    Dex: 19    Spells: 0 memorised, 2 levels left
                                        Lives:  0   Deaths: 0

rFire  . . .     SeeInvis +       - Unarmed
rCold  . . .     Gourm    .     (armour unavailable)
rNeg   . . .     Faith    .     (shield unavailable)
rPois  .         Spirit   .     (helmet unavailable)
rElec  .         Reflect  .     (cloak unavailable)
rCorr  .         Harm     .     (gloves unavailable)
MR     .....                    (boots unavailable)
Stlth  +++.......               (no amulet)
                                (no ring)
                                h - +3 ring of strength

@: quick
A: no armour, no weapons or thrown items, stealth, claws 1, fangs 3, see
invisible, carnivore 3, speed 1, shaggy fur 1, slow metabolism 1, sharp paws
a: no special abilities


You were on level 2 of the Dungeon.
You were completely stuffed.

You visited 1 branch of the dungeon, and saw 2 of its levels.

You collected 104 gold pieces.

Inventory:

Jewellery
 h - a +3 ring of strength (left paw)
Scrolls
 c - a scroll of identify
 g - a scroll of remove curse
Potions
 e - a potion of heal wounds {unknown}
 f - a potion of might {unknown}
Comestibles
 a - 3 meat rations
 b - a chunk of flesh
 d - a slice of pizza


   Skills:
 + Level 3.5 Fighting
 + Level 4.3 Dodging
 + Level 3.3 Stealth
 + Level 3.6 Unarmed Combat


You had 2 spell levels left.
You didn't know any spells.

Dungeon Overview and Level Annotations

Branches:
Dungeon (2/15)

Altars:

Annotations:
D:2 Crazy Yiuf


Innate Abilities, Weirdness & Mutations

You cannot wear armour.
You are incapable of wielding weapons or throwing items.
Your paws allow you to move quietly. (Stealth)
You have sharp claws.
You have razor-sharp teeth.
You have supernaturally acute eyesight. (SInv)
You are carnivorous and can eat meat at any time.
You cover ground quickly.
You are covered in fur. (AC +1)
You have a slow metabolism.
Your sharp claws are effective at attacking unaware monsters.


Message History

You see here a falchion.
Found 14 gold pieces.
You now have 88 gold pieces (gained 14).
You see here a falchion.
Found 16 gold pieces.
You now have 104 gold pieces (gained 16).
Found a runed door.
You open the door.
Crazy Yiuf the Enlightened comes into view.
He is wielding a quarterstaff of chaos.
Found a mace.
There is an open door here.
Crazy Yiuf shouts!
Crazy Yiuf hits you with a quarterstaff of chaos!
Ouch! That really hurt!
You barely miss Crazy Yiuf. You barely miss Crazy Yiuf.
Your bite misses Crazy Yiuf.
Crazy Yiuf hits you with a quarterstaff of chaos.
* * * LOW HITPOINT WARNING * * *
Crazy Yiuf freezes you.
You die...

....#..)...#
##...#
..###......#
##.##
..###.)....#
##.#
...........#
#.##
#####......#
##.#
#####......#
#.##
...รท.#######
##'## ####.#
#### #...#
..##<# #..#
#.@.#
#.##.####.##
#)g.#
...........#
#####
#########.##
#.######
#......#
########


You could see Crazy Yiuf.

Vanquished Creatures
  An adder (D:2)
  3 dart slugs
  A leopard gecko (D:2)
  A ball python (D:1)
  3 bats
  A giant cockroach (D:1)
  6 goblins
  3 hobgoblins
  2 jackals (D:2)
  2 frilled lizards
  3 kobolds
  4 rats (D:1)
30 creatures vanquished.

Notes
Turn   | Place    | Note
-------+----------+-------------------------------------------
     0 | D:1      | uberloutre the Felid Monk began the quest for the Orb.
     0 | D:1      | Reached XP level 1. HP: 10/10 MP: 2/2
   209 | D:1      | Reached XP level 2. HP: 12/14 MP: 3/3
   999 | D:2      | Reached XP level 3. HP: 17/17 MP: 4/4
  1501 | D:2      | Found a runed door.
  1505 | D:2      | Noticed Crazy Yiuf
  1510 | D:2      | Slain by Crazy Yiuf

Skill      XL: |  1  2 |
---------------+-------+-----
Stealth        | 3 |  3.3
Fighting       | |  3.5
Dodging        | |  4.3
Unarmed Combat | |  3.6

Action                   || total
-------------------------++-------
Melee: Unarmed           ||    82
       Bite              ||     4
  Use: Scroll            ||     3
 Stab: Sleeping          ||     5
       Distracted        ||     1
  Eat: Chunk             ||     8
Armor: Skin              ||     3
Dodge: Dodged            ||    53
